 Dungeon Crawl Stone Soup version 0.32-a0-928-g1cae6b7ea0 (webtiles) character file.

Game seed: 2433363110387791562

17 Zonian the Digger (level 2, -2/15 HPs)
             Began as a Gargoyle Earth Elementalist on Apr 13, 2024.
             Shot with a sling bullet by a hobgoblin (7 damage)
             ... on level 1 of the Dungeon.
             The game lasted 00:01:09 (408 turns).

Zonian the Digger (Gargoyle Earth Elementalist)      Turns: 408, Time: 00:01:10

Health: -2/15      AC:  4    Str: 11    XL:     2   Next: 62%
Magic:  2/5        EV: 11    Int: 15    God:
Gold:   0          SH:  0    Dex: 10    Spells: 4/5 levels left

rFire   . . .        c - +0 short sword {short}
rCold   . . .        (no shield)
rNeg    + . .        a - +0 robe
rPois   ∞            (no helmet)
rElec   +            (no cloak)
rCorr   .            (no gloves)
SInv    .            (no boots)
Will    .....        (no amulet)
Stlth   ++           (no ring)
HPRegen 0.22/turn    (no ring)
MPRegen 0.09/turn

%: no passive effects
@: no status effects
A: sickness immunity, AC +2, negative energy resistance 1, electricity
resistance, torment resistance 1, petrification resistance
a: no special abilities


You were on level 1 of the Dungeon.
You visited 1 branch of the dungeon, and saw 1 of its levels.


Innate Abilities, Weirdness & Mutations

You are immune to sickness and miasma.
Your stone body is resilient. (AC +2)
You are immune to poison.
You resist negative energy. (rN+)
You are resistant to electric shocks. (rElec)
You are resistant to unholy torment.
You are immune to petrification.


   Skills:
 - Level 1.5 Dodging
 - Level 2.1 Stealth
 + Level 2.3 Spellcasting
 + Level 1.8 Conjurations
 + Level 4.0 Earth Magic


You had 4 spell levels left.
You knew the following spells:

 Your Spells              Type           Power      Damage    Failure   Level
a - Sandblast             Erth           26%        2d8       4%          1

Your spell library contained the following spells:

 Spells                   Type           Power      Damage    Failure   Level
 Passwall                 Erth           13%        N/A       12%         3
 Stone Arrow              Conj/Erth      20%        3d8       19%         3
 Ensorcelled Hibernation  Hex/Ice        2%         N/A       32%         2
 Swiftness                Air            1%         N/A       54%         3
 Brom's Barrelling Bould  Conj/Erth      10%        2d3       54%         4
 Petrify                  Alch/Erth      7%         N/A       67%         4

Inventory:

Hand Weapons
 c - a +0 short sword (weapon) {short}
   (You took it off a kobold on level 1 of the Dungeon)
Armour
 a - a +0 robe (worn)
Scrolls
 d - a scroll of fog {unknown}
 e - a scroll of enchant armour {unknown}
Potions
 b - a potion of magic

Dungeon Overview and Level Annotations

Branches:
Dungeon (1/15) Zot: 5582

Altars:

.##.##.#......#...)#......
.##.##.#...........K......
.##.##.#........##........
)##.............##........
.#####.#..................
.#####.#......#....#...g..
.......................#..
...............).......# .
................@#.....#
.............##..#.##.##
.............##..#.# ...
.###.........##..#.# ###.
## #.........##..#.#
####.........##..###
..##.........##..#
...'.........+...#
..##.........#


You could see a hobgoblin and a kobold.


Message History

You kill the kobold! 😎 MP[-1]
You lost 1 mp, and now have 4/5 mp.
The blast of sand hits the goblin!
You kill the goblin! 😎 MP[-1]
You lost 1 mp, and now have 3/5 mp.
Unknown command.
Key pressed, stopping explore.
As you open the door, it creaks loudly! 😎 MP[+2]
Your mp is fully restored (5).
Unknown command.
There is an open door here.
e - a scroll labelled ERGHIE UM PIYL A goblin comes into view.
It is wielding a +0 dagger.
Unknown command.
The goblin shouts!
An endoplasm comes into view.
The blast of sand misses the goblin.
The goblin hits you but does no damage. 😎 MP[-1]
You lost 1 mp, and now have 4/5 mp.
The blast of sand hits the goblin!
You kill the goblin! 😎 MP[-1]
You lost 1 mp, and now have 3/5 mp.
Unknown command.
The blast of sand hits the endoplasm!
You kill the endoplasm! 😎 MP[-1]
You lost 1 mp, and now have 2/5 mp.
You can't see any susceptible monsters within range! (Use Z to cast anyway.)
You can't see any susceptible monsters within range! (Use Z to cast anyway.) Unknown command.
A goblin comes into view. It is wielding a +0 dagger. 😎 MP[+2]
You regained 2 mp, and now have 4/5 mp.
A goblin is nearby!
Unknown command.
You see here a +0 dagger {short}. 😎 MP[+1]
Your mp is fully restored (5).
You can't see any susceptible monsters within range! (Use Z to cast anyway.)
You can't see any susceptible monsters within range! (Use Z to cast anyway.)
You can't see any susceptible monsters within range! (Use Z to cast anyway.) Unknown command.
Unknown command.
You can't see any susceptible monsters within range! (Use Z to cast anyway.)
You can't see any susceptible monsters within range! (Use Z to cast anyway.)
You can't see any susceptible monsters within range! (Use Z to cast anyway.) Unknown command.
Unknown command.
The goblin shouts!
Unknown command.
The blast of sand hits the goblin!
You kill the goblin!
A quokka comes into view. 😎 MP[-1]
You lost 1 mp, and now have 4/5 mp.
You can't see any susceptible monsters within range! (Use Z to cast anyway.) Unknown command.
The blast of sand misses the quokka.
The quokka bites you but does no damage.
The blast of sand hits the quokka but does no damage.
The quokka barely misses you. The quokka bites you. 😕 HP[-1] MP[-2]
You take 1 damage, and now have 14/15 hp.
You lost 2 mp, and now have 2/5 mp.
Unknown command.
You closely miss the quokka. The quokka misses you.
You hit the quokka.
The quokka bites you but does no damage.
The quokka closely misses you.
Unknown command.
The blast of sand hits the quokka!
You kill the quokka!
Your Earth Magic skill increases to level 4! 😎 HP[+1] MP[-1]
Your hp is fully restored (15).
You lost 1 mp, and now have 1/5 mp.
You can't see any susceptible monsters within range! (Use Z to cast anyway.) Unknown command.
A kobold comes into view. It is wielding a +0 whip. 😎 MP[+1]
There are monsters nearby!
Unknown command.
The hobgoblin shouts!
The hobgoblin shoots a sling bullet.
The sling bullet hits you. 😮 HP[-4]
You take 4 damage, and now have 11/15 hp.
MASSIVE DAMAGE!! (PAUSE)
The hobgoblin shoots a sling bullet.
The sling bullet hits you but does no damage. 😕 HP[+1]
The hobgoblin shoots a sling bullet.
The sling bullet hits you!
* * * LOW HITPOINT WARNING * * *
😨 HP[-7]
You take 7 damage, and now have 5/15 hp.
MASSIVE DAMAGE!! (PAUSE)
The hobgoblin shoots a sling bullet.
The sling bullet hits you!
You die...

Skill      XL: |  1  2 |
---------------+-------+-----
Earth Magic    | 4 |  4.0
Dodging        | |  1.5
Stealth        | |  2.1
Spellcasting   | |  2.3
Conjurations   | |  1.8

Action                     || total
---------------------------++-------
  Melee: Short sword       ||     5
   Cast: Sandblast         ||    18
 Armour: Robe              ||    11
  Dodge: Dodged            ||     5

Levels and vault maps discovered:
D:1:      ebering_hopf_link, layout_basic, shapermc_ecumenical_altar_pompeii,
          skrybe_limestone_x

Notes
Turn   | Place    | Note
-------+----------+-------------------------------------------
     0 | D:1      | Zonian the Gargoyle Earth Elementalist began the quest for
                  | the Orb.
     0 | D:1      | Reached XP level 1. HP: 10/10 MP: 3/3
     0 | D:1      | magus.rc [v1.9.6]
   185 | D:1      | You pick up a book of Burglary and begin reading...
   185 | D:1      | You add the spells Ensorcelled Hibernation and Swiftness to
                  | your library.
   240 | D:1      | Reached XP level 2. HP: 15/15 MP: 1/5
   399 | D:1      | Reached skill level 4 in Earth Magic
   408 | D:1      | Shot with a sling bullet by a hobgoblin

Vanquished Creatures
  A dart slug (D:1)
  2 ball pythons (D:1)
  An endoplasm (D:1)
  5 goblins (D:1)
  2 kobolds (D:1)
  A quokka (D:1)
  A bat (D:1)
13 creatures vanquished.

Table legend:
 A = Non-vault XP
 B = Vault XP
 C = Vault XP percentage of total XP
 D = Non-vault monster count
 E = Vault monster count
 F = Vault count percentage of total count
                 A         B        C        D         E       F
            +---------+---------+-------+---------+---------+-------
      Total |      25 |       0 |   0.0 |      13 |       0 |   0.0
            +---------+---------+-------+---------+---------+-------
        D:1 |      25 |       0 |   0.0 |      13 |       0 |   0.0
            +---------+---------+-------+---------+---------+-------

Skill      XL: |  1  2 |
---------------+-------+-----
Earth Magic    | 4 |  4.0
Dodging        | |  1.5
Stealth        | |  2.1
Spellcasting   | |  2.3
Conjurations   | |  1.8

Action                     || total
---------------------------++-------
  Melee: Short sword       ||     5
   Cast: Sandblast         ||    18
 Armour: Robe              ||    11
  Dodge: Dodged            ||     5

Illustrated notes

Table legend:
 A = Kills in this place as a percentage of kills in the entire game.
 B = Kills by you in this place as a percentage of kills by you in the entire game.
 C = Kills by friends in this place as a percentage of kills by friends in the entire game.
 D = Other kills in this place as a percentage of other kills in the entire game.
 E = Experience gained in this place as a percentage of experience gained in the entire game.
 F = Experience gained in this place divided by the number of levels of this place that you have seen.
                   A       B       C       D       E      F
               +-------+-------+-------+-------+-------+----------------------
         Total | 100.0 | 100.0 |   N/A |   N/A | 100.0 |  25.0
       Dungeon | 100.0 | 100.0 |   N/A |   N/A | 100.0 |  25.0
               +-------+-------+-------+-------+-------+----------------------

Table legend: (Time is in decaauts)
 A = Elapsed time spent in this place.
 B = Non-inter-level travel time spent in this place.
 C = Inter-level travel time spent in this place.
 D = Time resting spent in this place.
 E = Time spent auto-exploring this place.
 F = Levels seen in this place.
 G = Mean time per level.
                   A        B        C        D        E       F      G
               +--------+--------+--------+--------+--------+-----+--------+
         Total |    416 |    416 |      0 |    137 |    171 |   1 |  416.0 |
       Dungeon |    416 |    416 |      0 |    137 |    171 |   1 |  416.0 |
               +--------+--------+--------+--------+--------+-----+--------+

Top non-repeatable levels by time:
     D:1: 416 daAuts
